 Dungeon Crawl Stone Soup version 0.31-a0-430-gf8416d752b (webtiles) character file.

Game seed: 9310328544992136824

303 AIAndy the Magician (level 6, -3/40 HPs)
             Began as a Djinni Fire Elementalist on July 31, 2023.
             Slain by a howler monkey (6 damage)
             ... on level 4 of the Dungeon.
             The game lasted 00:07:35 (2068 turns).

AIAndy the Magician (Djinni Fire Elementalist)      Turns: 2068, Time: 00:07:36

Health: -3/40      AC:  3    Str:  7    XL:     6   Next: 66%
Gold:   79         EV: 12    Int: 19    God:
                   SH:  0    Dex: 13

rFire   + + .        (no weapon)
rCold   x . .        (no shield)
rNeg    . . .        a - +0 robe
rPois   ∞            (no helmet)
rElec   .            b - +0 cloak
rCorr   .            (no gloves)
SInv    .            (boots unavailable)
Will    .....        g - amulet of regeneration
Stlth   ++           (no ring)
HPRegen 1.06/turn    (no ring)
MPRegen 0.00/turn

%: infuse magic (-4 HP)
@: flying, very slightly contaminated
A: sickness immunity, fire resistance 2, cold vulnerability 1, float, innate
caster, HP casting, extra vitality 1
a: no special abilities


You were on level 4 of the Dungeon.
You visited 1 branch of the dungeon, and saw 5 of its levels.

You collected 121 gold pieces.
You spent 42 gold pieces at shops.


Innate Abilities, Weirdness & Mutations

You are immune to sickness and miasma.
You are immune to poison.
Your flesh is very heat resistant. (rF++)
You are vulnerable to cold. (rC-)
You float through the air rather than walking.
You learn spells naturally, not from books.
Your magical power is your life essence.
You have superior vitality. (+4 MHP)


   Skills:
 - Level 2.1 Dodging
 - Level 1.5 Stealth
 + Level 5.5 Spellcasting
 + Level 5.5 Conjurations
 + Level 5.5 Hexes
 + Level 5.5 Summonings
 + Level 5.5 Necromancy
 + Level 5.5 Translocations
 + Level 5.5 Transmutations
 + Level 5.5 Fire Magic
 + Level 5.5 Ice Magic
 + Level 5.5 Air Magic
 + Level 5.5 Earth Magic
 + Level 5.5 Poison Magic


You knew the following spells:

 Your Spells              Type           Power      Damage    Failure   Level
a - Flame Wave            Conj/Fire      26%        2d8       12%         4
f - Inner Flame           Hex/Fire       26%        N/A       3%          3
p - Poisonous Vapours     Pois/Air       52%        N/A       1%          2
s - Slow                  Hex            100%       N/A       1%          1
X - Foxfire               Conj/Fire      100%       2x1d9     1%          1
Y - Scorch                Fire           52%        2d7       1%          2
Z - Volatile Blastmotes   Fire/Tloc      52%        2d14      3%          3
Your spell library was empty.

Inventory:

Armour
 a - a +0 robe (worn)
 b - a +0 cloak (worn)
Jewellery
 g - an amulet of regeneration (around neck)
Wands
 p - a wand of flame (20)
Scrolls
 c - 4 scrolls of teleportation {@r4}
 d - a scroll of poison {unknown}
 e - 2 scrolls of fear {unknown}
 h - a scroll of butterflies {unknown}
 i - 2 scrolls of identify {unknown}
 j - a scroll of amnesia {unknown}
 n - a scroll of immolation {unknown}
 o - a scroll of enchant weapon {unknown}
Potions
 f - a potion of cancellation {unknown}
 k - a potion of might {unknown}
 l - 4 potions of curing {unknown}
 m - a potion of ambrosia {unknown}

Dungeon Overview and Level Annotations

Branches:
Dungeon (5/15)
 Temple: D:4-7

Altars:
Nemelex Xobeh

Shops:
D:5

* ...## ..... #...#
....# ####... ..
#...)).#####..# .#
#....hgv...... #.#
#§##@....## ##.#
#..v##...... #..##
###......... ##...##
###.))..##..##
##.....###.).##.....##
#.......##.### .#..##
#..<....##.# .##....
#.......#..# .. ....
##..>..#..## .# ##.


You could see a howler monkey and a gnoll (combustible, ally target).


Message History

The howler monkey hoots and howls with incredible vigour!
The gnoll barely misses you.
You hear a shout! x2
The howler monkey closely misses you. The gnoll hits you with a +0 whip!
* * * LOW HITPOINT WARNING * * *
Casting: Scorch (safe; 1% risk of failure)
Confirm with . or Enter, or press ? or * to list all spells.
You miscast Scorch.
You are very lightly contaminated with residual magic.
Nothing appears to happen.
* * * LOW HITPOINT WARNING * * *
The howler monkey completely misses you.
The gnoll completely misses you.
Casting: Scorch (safe; 1% risk of failure)
Confirm with . or Enter, or press ? or * to list all spells.
Flames lash the gnoll.
The gnoll is burned terribly!
The gnoll is almost dead.
* * * LOW HITPOINT WARNING * * *
The howler monkey completely misses you.
The gnoll closely misses you. The howler monkey hits you.
* * * LOW HITPOINT WARNING * * *
The gnoll barely misses you. The howler monkey hits you.
* * * LOW HITPOINT WARNING * * *
Casting: Scorch (safe; 1% risk of failure)
Confirm with . or Enter, or press ? or * to list all spells.
You conjure some foxfire!
* * * LOW HITPOINT WARNING * * *
The howler monkey hits you.
You die...

Skill      XL: |  1  2  3  4  5 |
---------------+----------------+-----
Spellcasting   | 4 5 |  5.5
Conjurations   | 4 5 |  5.5
Hexes          | 4 5 |  5.5
Summonings     | 4 5 |  5.5
Necromancy     | 4 5 |  5.5
Translocations | 4 5 |  5.5
Transmutations | 4 5 |  5.5
Fire Magic     | 4 5 |  5.5
Ice Magic      | 4 5 |  5.5
Air Magic      | 4 5 |  5.5
Earth Magic    | 4 5 |  5.5
Poison Magic   | 4 5 |  5.5
Dodging        | |  2.1
Stealth        | |  1.5

Action                     |  1- 3 |  4- 6 || total
---------------------------+-------+-------++-------
   Cast: Foxfire           |    55 |    86 ||   141
         Scorch            |     8 |    50 ||    58
         Volatile Blastmot |       |     1 ||     1
 Armour: Robe              |       |    14 ||    14
  Dodge: Dodged            |     4 |    49 ||    53

Levels and vault maps discovered:
D:1:      erik_arrival_triangle_large, layout_rooms
D:2:      minmay_skewed_foursquare, layout_basic
D:3:      layout_loops_cross, nemelex_xobeh_ov_fountains_minmay
D:4:      layout_rooms, serial_shops, nicolae_shop_stone
D:5:      layout_cave_pools, mainiacjoe_overflow_boulevard, serial_shops, shop,
          nicolae_shop_real_fake_doors, nicolae_stop_n_shop_1

Notes
Turn   | Place    | Note
-------+----------+-------------------------------------------
     0 | D:1      | Reached skill level 3 in Spellcasting
     0 | D:1      | Reached skill level 3 in Conjurations
     0 | D:1      | Reached skill level 3 in Hexes
     0 | D:1      | Reached skill level 3 in Summonings
     0 | D:1      | Reached skill level 3 in Necromancy
     0 | D:1      | Reached skill level 3 in Translocations
     0 | D:1      | Reached skill level 3 in Transmutations
     0 | D:1      | Reached skill level 3 in Fire Magic
     0 | D:1      | Reached skill level 3 in Ice Magic
     0 | D:1      | Reached skill level 3 in Air Magic
     0 | D:1      | Reached skill level 3 in Earth Magic
     0 | D:1      | Reached skill level 3 in Poison Magic
     0 | D:1      | AIAndy the Djinni Fire Elementalist began the quest for the
                  | Orb.
     0 | D:1      | AIAndy set off with the following spells memorised:
                  | Foxfire, Scorch, Volatile Blastmotes, Inner Flame, Flame
                  | Wave.
     0 | D:1      | Reached XP level 1. HP: 15/15 MP: 0/0
    62 | D:1      | Reached XP level 2. HP: 16/21 MP: 0/0
   199 | D:1      | Reached XP level 3. HP: 21/25 MP: 0/0
   199 | D:1      | Learned a level 1 spell: Slow
   636 | D:2      | Reached XP level 4. HP: 28/31 MP: 0/0
   646 | D:2      | Reached skill level 4 in Spellcasting
   646 | D:2      | Reached skill level 4 in Conjurations
   646 | D:2      | Reached skill level 4 in Hexes
   646 | D:2      | Reached skill level 4 in Summonings
   646 | D:2      | Reached skill level 4 in Necromancy
   646 | D:2      | Reached skill level 4 in Translocations
   646 | D:2      | Reached skill level 4 in Transmutations
   646 | D:2      | Reached skill level 4 in Fire Magic
   646 | D:2      | Reached skill level 4 in Ice Magic
   646 | D:2      | Reached skill level 4 in Air Magic
   646 | D:2      | Reached skill level 4 in Earth Magic
   646 | D:2      | Reached skill level 4 in Poison Magic
   848 | D:2      | Reached XP level 5. HP: 35/35 MP: 0/0
   848 | D:2      | Learned a level 2 spell: Poisonous Vapours
  1346 | D:3      | Found a sparkling altar of Nemelex Xobeh.
  1518 | D:3      | Reached skill level 5 in Spellcasting
  1518 | D:3      | Reached skill level 5 in Conjurations
  1518 | D:3      | Reached skill level 5 in Hexes
  1518 | D:3      | Reached skill level 5 in Summonings
  1518 | D:3      | Reached skill level 5 in Necromancy
  1518 | D:3      | Reached skill level 5 in Translocations
  1518 | D:3      | Reached skill level 5 in Transmutations
  1518 | D:3      | Reached skill level 5 in Fire Magic
  1518 | D:3      | Reached skill level 5 in Ice Magic
  1518 | D:3      | Reached skill level 5 in Air Magic
  1518 | D:3      | Reached skill level 5 in Earth Magic
  1518 | D:3      | Reached skill level 5 in Poison Magic
  1527 | D:3      | Reached XP level 6. HP: 39/40 MP: 0/0
  1533 | D:3      | You are sucked into a shaft and drop 2 floors!
  1533 | D:5      | Entered Level 5 of the Dungeon
  1540 | D:5      | Found Cuesko's General Store.
  1548 | D:5      | Bought a scroll of teleportation for 42 gold pieces
  2067 | D:4      | HP: 3/40 [howler monkey (6)]
  2068 | D:4      | Slain by a howler monkey

Vanquished Creatures
  A hound (D:3)
  2 orc priests (D:3)
  A sleepcap (D:2)
  4 gnolls
  3 adders (D:2)
  5 worms
  2 dart slugs (D:2)
  14 orcs
  4 ball pythons
  7 endoplasms
  A giant cockroach (D:3)
  11 goblins
  8 hobgoblins
  6 jackals
  4 quokkas
  3 bats
  3 frilled lizards
  9 kobolds
  3 rats
91 creatures vanquished.

Vanquished Creatures (others)
  212 foxfires
212 creatures vanquished.

Grand Total: 303 creatures vanquished

Table legend: (Time is in decaauts)
 A = Elapsed time spent in this place.
 B = Non-inter-level travel time spent in this place.
 C = Inter-level travel time spent in this place.
 D = Time resting spent in this place.
 E = Time spent auto-exploring this place.
 F = Levels seen in this place.
 G = Mean time per level.
                   A        B        C        D        E       F      G
               +--------+--------+--------+--------+--------+-----+--------+
         Total |   2071 |   1960 |    111 |     20 |   1451 |   5 |  414.2 |
       Dungeon |   2071 |   1960 |    111 |     20 |   1451 |   5 |  414.2 |
               +--------+--------+--------+--------+--------+-----+--------+

Top non-repeatable levels by time:
     D:2: 894 daAuts
     D:3: 585 daAuts
     D:1: 507 daAuts
     D:4: 65 daAuts
     D:5: 17 daAuts

Table legend:
 A = Non-vault XP
 B = Vault XP
 C = Vault XP percentage of total XP
 D = Non-vault monster count
 E = Vault monster count
 F = Vault count percentage of total count
                 A         B        C        D         E       F
            +---------+---------+-------+---------+---------+-------
      Total |     422 |      12 |   2.8 |      86 |       5 |   5.5
            +---------+---------+-------+---------+---------+-------
        D:1 |      53 |       0 |   0.0 |      22 |       0 |   0.0
        D:2 |     134 |      12 |   8.2 |      29 |       5 |  14.7
        D:3 |     183 |       0 |   0.0 |      27 |       0 |   0.0
        D:4 |      52 |       0 |   0.0 |       8 |       0 |   0.0
            +---------+---------+-------+---------+---------+-------
